cohdb
Replays
Latest Replays
All Replays
Popular Replays
Top Player Replays
Match Explorer
How It Works
Community
CoH3 Stats
Reddit
Sign in to upload your games and track your stats! →
Sign in with Steam
Match 42795119
Unlisted
Match 42795119
Overview
Messages
Build Orders
End
Kettenkrad Recon Vehicle
Construct Infanterie Kompanie
Grenadier Squad
Grenadier Squad
Grenadier Squad
Infanterie Officer Quarters
Grenadier Squad
Construct Panzergrenadier Kompanie
Pak 40 Anti-tank Gun Team
Panzergrenadier Officer Quarters
Medical Station
Selects Mechanized Battlegroup
Selects Raid Package
Selects StuG Assault Group
Pak 40 Anti-tank Gun Team
Selects Panther Heavy Tank
Panther Heavy Tank
^3
SKELETRON
0
0
Comments
sign in to comment!
No comments posted yet!